 Dungeon Crawl Stone Soup version 0.23-b1-13-gf37ab262a9 (webtiles) character file.

Game seed: 10295873717066509270

257571 Froggeryz the Shatterer (level 19, -24/128 HPs)
             Began as a Gargoyle Fighter on Feb 2, 2019.
             Was the Champion of Okawaru.
             Killed from afar by a frost giant (48 damage)
             ... with a bolt of cold
             ... on level 1 of the Depths.
             The game lasted 01:46:30 (33059 turns).

Froggeryz the Shatterer (Gargoyle Fighter)         Turns: 33059, Time: 01:46:31

Health: -24/128    AC: 50    Str: 22    XL:     19   Next: 84%
Magic:  23/23      EV:  8    Int: 25    God:    Okawaru [******]
Gold:   3000       SH: 11    Dex: 12    Spells: 21/22 levels left

rFire    + . .     SeeInvis .   s - +9 demon whip (elec)
rCold    . . .     Gourm    .   w - +0 shield of Quantum Leap {MR- Int+4}
rNeg     + + +     Faith    .   Q - +7 plate armour "Qeaqiok" {rPois rN+ Regen+ rCorr}
rPois    ∞         Spirit   .   X - +2 hat {MR+}
rElec    +         Reflect  .   c - +1 cloak
rCorr    +         Harm     .   R - +2 pair of gloves of the Hall of Blades {rElec Int+9}
MR       ++...                  v - +2 pair of boots "Kogretz" {+Fly MR+ Slay+2}
Stlth    ..........             K - amulet "Miumy" {+Rage rElec}
HPRegen  0.71/turn              t - ring of protection from fire
MPRegen  0.18/turn              e - ring of positive energy

@: flying, very slightly contaminated, hasted, studying Polearms, very quick
A: big wings, negative energy resistance 1, electricity resistance, unbreathing,
petrification resistance, rot immunity, AC +14
}: 2/15 runes: serpentine, barnacled
a: Stop Flying, Heroism, Finesse, Renounce Religion, Evoke Berserk Rage


You were on level 1 of the Depths.
You worshipped Okawaru.
Okawaru was exalted by your worship.
You were very hungry.

You visited 7 branches of the dungeon, and saw 33 of its levels.
You visited the Abyss 1 time.

You collected 3150 gold pieces.
You spent 150 gold pieces at shops.

Inventory:

Hand Weapons
 s - a +9 demon whip of electrocution (weapon)
 N - a +3 dire flail of protection
 U - the +9 great mace "Cemo" {crush, Int+3}
   (Okawaru gifted it to you on level 2 of the Orcish Mines)

   It inflicts extra damage upon your enemies.
   It affects your intelligence (+3).
 V - a +1 spear of distortion
Missiles
 y - 39 javelins of penetration (quivered)
 C - 5 steel javelins
Armour
 c - a +1 cloak (worn)
 v - the +2 pair of boots "Kogretz" (worn) {+Fly MR+ Slay+2}
   (You found it on level 4 of the Snake Pit)

   It affects your accuracy and damage with ranged weapons and melee attacks
   (+2).
   It affects your resistance to hostile enchantments.
   It lets you fly.
 w - the +0 shield of Quantum Leap (worn) {MR- Int+4}
   (Okawaru gifted it to you on level 6 of the Lair of Beasts)

   It affects your intelligence (+4).
   It affects your resistance to hostile enchantments.
 Q - the +7 plate armour "Qeaqiok" (worn) {rPois rN+ Regen+ rCorr}
   (Okawaru gifted it to you on level 10 of the Dungeon)

   It protects you from poison.
   It protects you from negative energy.
   It increases your rate of regeneration.
   It provides partial protection from all sources of acid and corrosion.
 R - the +2 pair of gloves of the Hall of Blades (worn) {rElec Int+9}
   (Okawaru gifted it to you on level 15 of the Dungeon)

   It affects your intelligence (+9).
   It insulates you from electricity.
 X - a +2 hat of magic resistance (worn)
 Z - a scarf of spirit shield
Jewellery
 e - a ring of positive energy (right hand)
 t - a ring of protection from fire (left hand)
 K - the amulet "Miumy" (around neck) {+Rage rElec}
   (You found it on level 5 of the Lair of Beasts)

   [amulet of rage]

   It insulates you from electricity.
   It lets you go berserk.
Wands
 D - a wand of iceblast (18)
 F - a wand of polymorph (45)
 L - a wand of enslavement (17)
 Y - a wand of disintegration (25)
Scrolls
 b - 4 scrolls of identify
 d - 3 scrolls of brand weapon
 i - a scroll of enchant weapon
 j - 12 scrolls of remove curse
 n - 4 scrolls of blinking
 r - 4 scrolls of enchant armour
 B - a scroll of teleportation
 E - 5 scrolls of amnesia
 J - a scroll of fog
 O - 4 scrolls of fear
Potions
 a - 3 potions of berserk rage {unknown}
 k - 8 potions of haste
 l - 4 potions of invisibility
 m - 4 potions of cancellation
 o - 4 potions of brilliance
 p - 3 potions of flight
 q - 10 potions of curing
 x - a potion of ambrosia {unknown}
 z - a potion of might
 G - 2 potions of heal wounds
 M - a potion of magic {unknown}
 W - a potion of agility
Books
 h - a manual of Polearms
Miscellaneous
 g - a lightning rod (4/4)
 P - a phantom mirror
Comestibles
 f - 57 rations


   Skills:
 + Level 17.6 Fighting
 - Level 21.4 Maces & Flails
 - Level 10.2 Throwing
 - Level 15.3 Armour
 + Level 4.7 Dodging
 * Level 6.7 Shields
 + Level 2.0 Spellcasting
 - Level 5.0 Invocations
 - Level 6.5 Evocations


You had 21 spell levels left.
You knew the following spells:

 Your Spells              Type           Power        Failure   Level  Hunger
a - Apportation           Tloc           #.....       96%         1    None

Your spell library contained the following spells:

 Spells                   Type           Power        Failure   Level  Hunger
 Animate Skeleton         Necr           N/A          96%         1    None
 Confusing Touch          Hex            #.....       96%         1    None
 Flame Tongue             Conj/Fire      #....        96%         1    None
 Summon Small Mammal      Summ           #...         96%         1    None
 Corpse Rot               Necr           N/A          99%         2    ##.....
 Throw Flame              Conj/Fire      #.....       99%         2    ##.....
 Conjure Flame            Conj/Fire      #.......     100%        3    ###....
 Inner Flame              Hex/Fire       #.......     100%        3    ###....
 Leda's Liquefaction      Hex/Erth       #.........   100%        4    ####...
 Sticky Flame             Conj/Fire      #.......     100%        4    ####...
 Agony                    Necr           #.......     100%        5    ######.
 Bolt of Draining         Conj/Necr      #.........   100%        5    ######.
 Bolt of Magma            Conj/Fire/Erth #.........   100%        5    ######.
 Dispel Undead            Necr           #.......     100%        5    ######.
 Excruciating Wounds      Chrm/Necr      #.........   100%        5    ######.
 Fireball                 Conj/Fire      #.........   100%        5    ######.
 Iron Shot                Conj/Erth      #.........   100%        6    #######
 Shatter                  Erth           #.........   100%        9    #######
 Sublimation of Blood     Necr           Unusable     N/A         2    N/A
 Statue Form              Tmut/Erth      Unusable     N/A         6    N/A

Dungeon Overview and Level Annotations

Branches:
Dungeon (15/15)            Temple (1/1) D:4            Lair (6/6) D:8
 Shoals (4/4) Lair:4        Snake (4/4) Lair:4        Slime (0/5) Lair:6
    Orc (2/2) D:11            Elf (0/3) Orc:2        Vaults (0/5) D:13
 Depths (1/5) D:15

Altars:
Ashenzari
Cheibriados
Dithmenos
Elyvilon
Fedhas
Gozag
Hepliaklqana
Kikubaaqudgha
Makhleb
Okawaru
Qazlal
Ru
Sif Muna
Trog
Uskayaw
Vehumet
Wu Jian
Xom
Yredelemnul
Zin
The Shining One
Beogh

Shops:
D:4 }!?:*   D:6 (   D:13 :   D:15 !   Orc:2 [}(!

Annotations:
D:11 2 transporters, Meegle's ghost, novice HuSu
D:12 1 runed translucent door, wont's ghost, journeyman HuFi
Snake:1 exclusion: Roxanne, Roxanne
Depths:1 4 runed doors


Innate Abilities, Weirdness & Mutations

You are resistant to torment.
Your stone body is resilient. (AC +14)
You are immune to poison.
Your large and strong wings let you fly indefinitely.
You resist negative energy. (rN+)
You are resistant to electric shocks. (rElec)
You can survive without breathing.
You are immune to petrification.
You are immune to rotting.


Message History

You block the large rock.
The frost giant moves out of view.
Found a large rock.
Things that are here:
a large rock; a bolt You feel yourself speed up.
The yaktaur shoots a bolt.
The bolt hits you but does no damage.
The stone giant throws a large rock.
The large rock hits you but does no damage.
The stone giant throws a large rock.
You block the large rock.
You whack the stone giant!
The stone giant is lightly wounded.
The stone giant hits you!
* * * LOW HITPOINT WARNING * * *
You thrash the stone giant!!
Lightning courses through the stone giant!
The stone giant is heavily wounded.
You whack the stone giant!
The stone giant is severely wounded.
The frost giant gestures at you while chanting.
The bolt of cold hits you!!!
You die...

# .#####
#....#
#...###.
####.C.....
#....C...#
##..(.# .
#..C.(##....
#.##@.......#
#. #....#....
#. ....## ..
# #..#.#
#.#### .. ...
...


You could see a frost giant and 2 stone giants.

Vanquished Creatures
  Vashnia (Snake:4)
  Nikola (Shoals:1)
  Polyphemus (Shoals:3)
  A tentacled starspawn (Abyss:3)
  Agnes (Snake:4)
  A tengu reaver (D:14)
  2 krakens (Shoals:2)
  9 nagarajas
  Ilsuiw (Shoals:2)
  A frost giant (Shoals:4)
  A balrug (Abyss:3)
  A deep elf sorcerer (Abyss:3)
  A ghost moth (Abyss:3)
  2 very ugly things
  Nessos (Lair:4)
  4 merfolk javelineers
  6 merfolk impalers
  Fannar (Orc:1)
  Erolcha (Orc:1)
  11 naga warriors
  6 merfolk avatars
  15 anacondas
  2 catoblepae
  6 hydras
  5 ogre magi
  2 alligator snapping turtles
  10 merfolk aquamancers
  3 centaur warriors
  3 satyrs
  7 death yaks
  A deep troll earth mage (D:14)
  9 two-headed ogres
  20 naga sharpshooters
  Nergalle (Orc:2)
  11 shock serpents
  12 spriggans (Lair:6)
  Sonja (D:11)
  A thrashing horror (Abyss:3)
  4 wretched stars
  A spatial maelstrom (Abyss:3)
  A shadow wraith (Abyss:3)
  A death drake (shapeshifter) (D:15)
  7 salamander mystics
  A skeletal warrior (D:13)
  6 naga ritualists
  14 sea snakes
  4 unseen horrors
  4 lindwurms (Snake:4)
  2 orc knights
  A phantasmal warrior (Abyss:3)
  A lindwurm (shapeshifter) (D:15)
  2 ugly things (D:15)
  5 deep elf magi
  9 orc sorcerers (Orc:2)
  11 mana vipers
  10 cyclopes
  8 manticores
  A worldbinder (Abyss:3)
  11 fauns
  An oklob plant (Lair:1)
  Maurice (D:12)
  6 elephants
  28 black mambas
  27 naga magi
  6 water nymphs
  Joseph (D:7)
  13 guardian serpents
  5 merfolk sirens
  An apocalypse crab (Abyss:3)
  12 salamanders
  3 centaur zombies
  10 centaur skeletons
  A gargoyle (D:11)
  8 spiny frogs
  4 rime drakes
  3 komodo dragons
  5 kobold demonologists
  2 efreet
  2 ice devils (D:13)
  A freezing wraith (D:15)
  2 hellwings (D:7)
  9 trolls
  A yaktaur (shapeshifter) (D:15)
  23 merfolk
  3 meliai (D:14)
  A queen bee (D:14)
  12 polar bears
  6 hornets
  Grinder (D:5)
  A harpy zombie (D:7)
  5 wind drakes
  14 slime creatures
  4 snapping turtles
  24 blink frogs
  18 hippogriffs
  A meliai zombie (D:7)
  A dream sheep (shapeshifter) (D:9)
  A blink frog (shapeshifter) (D:15)
  3 large abominations (Abyss:3)
  27 dream sheep
  3 vampires
  4 starcursed masses (Abyss:3)
  A centaur simulacrum (D:14)
  9 water elementals
  A shadow (D:14)
  A ynoxinul (Abyss:2)
  3 wraiths
  A wyvern (shapeshifter) (D:15)
  31 yaks
  2 wyverns
  A steam dragon (D:13)
  5 basilisks
  A chaos spawn (Abyss:3)
  3 hungry ghosts
  Edmund (D:5)
  2 soldier ants
  46 nagas
  A spatial vortex (Abyss:3)
  A warg (Orc:2)
  5 porcupines
  19 water moccasins
  16 orc warriors
  4 sky beasts
  A black bear (shapeshifter) (D:15)
  12 black bears
  5 ice beasts
  A necrophage (D:8)
  7 boggarts
  24 ogres
  A phantom (D:8)
  15 wolves (Lair:6)
  An eye of draining (D:14)
  9 centaurs
  8 crocodiles
  3 big kobolds
  18 bullfrogs
  A wyvern zombie (D:7)
  A wyvern skeleton (D:14)
  6 scorpions
  34 killer bees
  5 wights
  4 electric eels
  2 howler monkeys (D:9)
  2 small abominations (Abyss:3)
  5 bullfrog zombies
  16 crimson imps
  3 quasits
  A jelly (D:4)
  2 bullfrog skeletons
  9 hounds
  24 orc priests
  41 orc wizards
  3 iguanas
  11 worker ants
  A naga zombie (Abyss:3)
  A killer bee zombie (D:5)
  2 hound zombies
  A worker ant zombie (D:8)
  13 adders
  5 gnolls
  A howler monkey skeleton (D:8)
  8 shadow imps
  A white imp (D:13)
  An ufetubus (Abyss:3)
  An ooze (D:1)
  An adder zombie (D:6)
  An adder skeleton (D:5)
  A worm (D:4)
  A dart slug (D:1)
  6 leopard geckos
  119 orcs
  3 ball pythons
  6 giant cockroaches
  7 goblins
  12 hobgoblins
  3 jackals
  26 kobolds
  3 quokkas
  7 bats
  6 frilled lizards
  14 rats
  A fungus (Lair:4)
  2 plants
1254 creatures vanquished.

Vanquished Creatures (collateral kills)
  A dream sheep (Shoals:2)
  A hippogriff (Lair:5)
2 creatures vanquished.

Vanquished Creatures (others)
  A naga sharpshooter (Snake:4)
  A shadow (D:13)
  2 killer bees (D:14)
  An orc wizard (Orc:2)
  3 orcs (Orc:2)
  A fungus (Lair:6)
  6 plants
  2 starspawn tentacles (Abyss:3)
  16 tentacles (Shoals:2)
33 creatures vanquished.

Grand Total: 1289 creatures vanquished

Notes
Turn   | Place    | Note
-------+----------+-------------------------------------------
     0 | D:1      | Froggeryz the Gargoyle Fighter began the quest for the Orb.
     0 | D:1      | Reached XP level 1. HP: 14/14 MP: 1/1
   197 | D:1      | Reached XP level 2. HP: 19/19 MP: 2/2
   577 | D:1      | Reached XP level 3. HP: 23/23 MP: 3/3
  1094 | D:2      | Reached skill level 3 in Maces & Flails
  1790 | D:3      | Reached XP level 4. HP: 29/29 MP: 4/4
  2010 | D:3      | Reached XP level 5. HP: 21/33 MP: 5/5
  2141 | D:3      | Reached skill level 4 in Maces & Flails
  2602 | D:4      | Found Hiphass's Distillery.
  2623 | D:4      | Bought a potion of curing for 42 gold pieces
  2626 | D:4      | Found Susmy's Gadget Shop.
  2933 | D:4      | Reached XP level 6. HP: 20/39 MP: 6/6
  3123 | D:4      | Found a sacrificial altar of Ru.
  3123 | D:4      | Found a burning altar of Makhleb.
  3299 | D:3      | Reached skill level 5 in Maces & Flails
  3644 | D:4      | Found Xuuze's Magic Scroll Boutique.
  3692 | D:4      | Found Pyotostre's Assorted Antiques.
  3704 | D:4      | Reached skill level 5 in Fighting
  3704 | D:4      | Reached skill level 5 in Shields
  3704 | D:4      | Reached XP level 7. HP: 44/44 MP: 7/7
  3735 | D:4      | You fall through a shaft for 3 floors!
  3735 | D:7      | Noticed a hellwing
  3736 | D:7      | Noticed a hellwing
  3781 | D:7      | Reached skill level 6 in Maces & Flails
  3821 | D:6      | Found Leklogil's Antique Weapon Shoppe.
  3894 | D:6      | Reached XP level 8. HP: 41/51 MP: 8/8
  3947 | D:5      | Entered Level 5 of the Dungeon
  4038 | D:4      | Found Ziex's Book Shop.
  4054 | D:4      | Reached skill level 7 in Maces & Flails
  4077 | D:4      | Found a staircase to the Ecumenical Temple.
  4118 | Temple   | Entered the Ecumenical Temple
  4222 | Temple   | Became a worshipper of Warmaster Okawaru
  4411 | D:5      | Noticed Grinder
  4423 | D:5      | Reached skill level 5 in Armour
  4439 | D:5      | Paralysed by Grinder for 6 turns
  4452 | D:5      | Paralysed by Grinder for 2 turns
  4465 | D:5      | Killed Grinder
  4504 | D:5      | Noticed Edmund
  4512 | D:5      | Killed Edmund
  4512 | D:5      | Reached skill level 8 in Maces & Flails
  4535 | D:5      | Reached skill level 1 in Invocations
  4585 | D:5      | Reached XP level 9. HP: 55/56 MP: 9/9
  4698 | D:5      | Reached * piety under Okawaru
  5601 | D:7      | Killed a hellwing
  5633 | D:7      | Killed a hellwing
  5633 | D:7      | Reached ** piety under Okawaru
  5633 | D:7      | Reached skill level 9 in Maces & Flails
  5886 | D:7      | Reached XP level 10. HP: 61/64 MP: 11/13
  5930 | D:7      | Reached *** piety under Okawaru
  5934 | D:7      | Noticed Joseph
  5948 | D:7      | Killed Joseph
  5956 | D:7      | Reached skill level 10 in Maces & Flails
  6376 | D:7      | Reached skill level 5 in Invocations
  6389 | D:7      | Reached **** piety under Okawaru
  6610 | D:7      | Reached skill level 1 in Evocations
  6845 | D:8      | Found a deep blue altar of Sif Muna.
  6899 | D:8      | Found a staircase to the Lair.
  6932 | D:8      | Reached skill level 11 in Maces & Flails
  7077 | D:8      | Reached ***** piety under Okawaru
  7093 | D:8      | Reached XP level 11. HP: 71/71 MP: 14/14
  7523 | D:9      | Found a shadowy altar of Dithmenos.
  8015 | D:10     | Entered Level 10 of the Dungeon
  8015 | D:10     | Noticed a two-headed ogre
  8024 | D:9      | Killed a two-headed ogre
  8076 | D:10     | Received a gift from Okawaru
  8610 | D:10     | Identified the +7 spear of Suicidal Tendencies {freeze,
                  | rPois rC- SInv}
  8640 | D:10     | Reached skill level 1 in Throwing
  8870 | D:10     | Noticed a manticore
  8893 | D:10     | Killed a manticore
  8893 | D:10     | Received a gift from Okawaru
  8896 | D:10     | Got a brightly glowing plate armour {god gift}
  8907 | D:10     | Identified the +7 plate armour "Qeaqiok" {rPois rN+ Regen+
                  | rCorr} (Okawaru gifted it to you on level 10 of the
                  | Dungeon)
  9011 | D:11     | Reached skill level 12 in Maces & Flails
  9149 | D:11     | Found a staircase to the Orcish Mines.
  9268 | D:11     | Reached skill level 10 in Fighting
  9342 | D:11     | Noticed Meegle's ghost (novice HuSu)
  9355 | D:11     | Reached XP level 12. HP: 77/77 MP: 15/15
  9590 | D:11     | Found a transporter.
  9613 | D:11     | Found a transporter.
  9656 | D:11     | Noticed Sonja
  9990 | D:11     | Killed Sonja
  9990 | D:11     | Reached ****** piety under Okawaru
 10068 | D:12     | Found a runed translucent door.
 10070 | D:12     | Noticed wont's ghost (journeyman HuFi)
 10096 | D:12     | Noticed Maurice
 10135 | D:12     | Killed Maurice
 10466 | D:12     | Noticed an eight-headed hydra
 10478 | D:12     | Killed an eight-headed hydra
 10478 | D:12     | Reached skill level 5 in Evocations
 10806 | D:13     | Received a gift from Okawaru
 10817 | D:13     | Reached skill level 10 in Armour
 10831 | D:13     | Reached skill level 13 in Maces & Flails
 10906 | D:13     | Noticed a deep elf knight
 10979 | D:13     | Noticed a sun demon
 11004 | D:13     | Noticed an ogre mage
 11004 | D:13     | Noticed a two-headed ogre
 11026 | D:13     | Reached XP level 13. HP: 55/84 MP: 17/17
 11502 | D:13     | Found Mazybaka's Book Shoppe.
 11708 | D:13     | Reached skill level 5 in Throwing
 11840 | D:13     | Received a gift from Okawaru
 12303 | D:13     | Found a gate to the Vaults.
 12619 | Lair:1   | Entered Level 1 of the Lair of Beasts
 12809 | Lair:1   | Reached skill level 14 in Maces & Flails
 12907 | Lair:1   | Received a gift from Okawaru
 13586 | Lair:2   | Reached skill level 1 in Dodging
 14116 | Lair:3   | Received a gift from Okawaru
 14331 | Lair:3   | Gained mutation: Your large and strong wings let you fly
                  | indefinitely. [Gargoyle growth]
 14331 | Lair:3   | Reached XP level 14. HP: 91/91 MP: 18/18
 14983 | Lair:4   | Found a staircase to the Shoals.
 15112 | Lair:4   | Noticed Nessos
 15161 | Lair:4   | Killed Nessos
 15163 | Lair:4   | Received a gift from Okawaru
 15369 | Lair:4   | Found a staircase to the Snake Pit.
 15420 | Lair:4   | Received a gift from Okawaru
 15787 | Shoals:1 | Entered Level 1 of the Shoals
 15922 | Lair:5   | Reached skill level 15 in Maces & Flails
 16042 | Lair:5   | You are sucked into a shaft!
 16042 | Lair:6   | Entered Level 6 of the Lair of Beasts
 16297 | Lair:6   | Found a staircase to the Slime Pits.
 16696 | Lair:6   | Received a gift from Okawaru
 16965 | Lair:6   | Received a gift from Okawaru
 16966 | Lair:6   | Got an encrusted shield {god gift}
 16969 | Lair:6   | Identified the +0 shield of Quantum Leap {MR- Int+4}
                  | (Okawaru gifted it to you on level 6 of the Lair of Beasts)
 17016 | Lair:6   | Reached XP level 15. HP: 95/97 MP: 19/19
 17514 | Lair:5   | Reached skill level 16 in Maces & Flails
 17581 | Lair:5   | Got a smoking ruby amulet
 18278 | Orc:1    | Entered Level 1 of the Orcish Mines
 18278 | Orc:1    | Noticed Erolcha
 18286 | Orc:1    | Killed Erolcha
 18391 | Orc:1    | Noticed Fannar
 18422 | Orc:1    | Killed Fannar
 18739 | Orc:2    | Entered Level 2 of the Orcish Mines
 19125 | Orc:2    | Found Vuatirez's Distillery.
 19135 | Orc:2    | Received a gift from Okawaru
 19136 | Orc:2    | Got an iridescent great mace {god gift}
 19137 | Orc:2    | Found Ynibbiel's Antique Armour Shop.
 19141 | Orc:2    | Identified the +9 great mace "Cemo" {crush, Int+3} (Okawaru
                  | gifted it to you on level 2 of the Orcish Mines)
 19142 | Orc:2    | Identified the amulet "Miumy" {+Rage rElec} (You found it
                  | on level 5 of the Lair of Beasts)
 19185 | Orc:2    | Bought a potion of degeneration for 12 gold pieces
 19185 | Orc:2    | Bought a potion of mutation for 96 gold pieces
 19202 | Orc:2    | Found an ancient bone altar of Kikubaaqudgha.
 19202 | Orc:2    | Noticed Nergalle
 19212 | Orc:2    | Killed Nergalle
 19221 | Orc:2    | Found Winigh's Antique Weapon Boutique.
 19234 | Orc:2    | Found a radiant altar of Vehumet.
 19315 | Orc:2    | Found a roughly hewn altar of Beogh.
 19315 | Orc:2    | Found Eteczenyots's Gadget Boutique.
 19466 | Orc:2    | Found a staircase to the Elven Halls.
 19943 | D:14     | Noticed a tengu reaver
 20164 | D:14     | Killed a tengu reaver
 20204 | D:14     | Received a gift from Okawaru
 20205 | D:14     | Got a shimmering robe {god gift}
 20657 | D:14     | Found a stormy altar of Qazlal.
 21141 | D:15     | Entered Level 15 of the Dungeon
 21436 | D:15     | Reached skill level 17 in Maces & Flails
 21491 | D:15     | Found Isostreaff's Distillery.
 21504 | D:15     | Reached XP level 16. HP: 95/105 MP: 20/20
 22255 | D:15     | Received a gift from Okawaru
 22256 | D:15     | Got a pair of crude gloves {god gift}
 22257 | D:15     | Identified the +2 pair of gloves of the Hall of Blades
                  | {rElec Int+9} (Okawaru gifted it to you on level 15 of the
                  | Dungeon)
 22543 | D:15     | Found a staircase to the Depths.
 22831 | Snake:1  | Entered Level 1 of the Snake Pit
 23212 | Snake:1  | Identified Roxanne's Handbook of Earth
 23212 | Snake:1  | Noticed Roxanne
 23470 | Snake:1  | Reached skill level 10 in Throwing
 23512 | Snake:1  | Reached skill level 18 in Maces & Flails
 24138 | Snake:2  | Received a gift from Okawaru
 24248 | Snake:2  | Noticed a nagaraja
 24258 | Snake:2  | Killed a nagaraja
 24539 | Snake:3  | Received a gift from Okawaru
 24571 | Snake:3  | Reached XP level 17. HP: 93/112 MP: 21/21
 24604 | Snake:3  | Reached skill level 15 in Fighting
 24606 | Snake:3  | Received a gift from Okawaru
 25448 | Snake:4  | Entered Level 4 of the Snake Pit
 25513 | Snake:4  | Noticed Agnes
 25682 | Snake:4  | Noticed Vashnia
 25784 | Snake:3  | Reached skill level 19 in Maces & Flails
 26023 | Snake:4  | Killed Agnes
 26138 | Snake:4  | Received a gift from Okawaru
 26483 | Snake:4  | Killed Vashnia
 26491 | Snake:4  | Got a pair of fine boots
 26492 | Snake:4  | Identified the +2 pair of boots "Kogretz" {+Fly MR+ Slay+2}
                  | (You found it on level 4 of the Snake Pit)
 27086 | Snake:4  | Reached XP level 18. HP: 120/120 MP: 22/22
 27104 | Snake:4  | Received a gift from Okawaru
 27442 | Snake:4  | Reached skill level 20 in Maces & Flails
 27508 | Snake:4  | Received a gift from Okawaru
 27637 | Snake:4  | Got a serpentine rune of Zot
 27807 | Snake:4  | Received a gift from Okawaru
 27974 | Shoals:1 | Noticed Nikola
 28189 | Shoals:1 | Killed Nikola
 28892 | Shoals:2 | Received a gift from Okawaru
 28955 | Shoals:2 | Noticed Ilsuiw
 28963 | Shoals:2 | Cast into level 2 of the Abyss (merfolk javelineer)
 29113 | Abyss:3  | Received a gift from Okawaru
 29272 | Abyss:3  | Noticed a bone dragon
 29450 | Abyss:3  | Received a gift from Okawaru
 29473 | Shoals:2 | Escaped the Abyss
 29640 | Shoals:2 | Reached XP level 19. HP: 121/127 MP: 18/23
 29892 | Shoals:2 | Killed Ilsuiw
 30747 | Shoals:3 | Reached skill level 21 in Maces & Flails
 30833 | Shoals:3 | Reached skill level 15 in Armour
 30914 | Shoals:3 | Received a gift from Okawaru
 30972 | Shoals:3 | Noticed Polyphemus
 30981 | Shoals:3 | Killed Polyphemus
 31276 | Shoals:3 | Received a gift from Okawaru
 31673 | Shoals:4 | Entered Level 4 of the Shoals
 32059 | Shoals:4 | Learned a level 1 spell: Apportation
 32335 | Shoals:4 | Reached skill level 1 in Spellcasting
 32535 | Shoals:4 | Got a barnacled rune of Zot
 33023 | Depths:1 | Entered Level 1 of the Depths
 33023 | Depths:1 | Found a huge runed gate.
 33023 | Depths:1 | Found a huge runed gate.
 33023 | Depths:1 | Found a huge runed gate.
 33023 | Depths:1 | Found a huge runed gate.
 33059 | Depths:1 | Killed from afar by a frost giant

Skill      XL: |  1  2  3  4  5  6  7  8  9 10 11 12 13 14 15 16 17 18 19 |
---------------+----------------------------------------------------------+-----
Maces & Flails | 3 4 5 6 8 9 11 12 13 14 15 17 18 19 20 21 | 21.4
Fighting       | 4 5 6 7 9 10 11 12 13 14 15 16 17 | 17.6
Shields        | 4 5 6 |  6.7
Armour         | 4 5 6 8 9 10 11 12 13 14 15 | 15.3
Invocations    | 1 4 5 |  5.0
Evocations     | 2 4 5 6 |  6.5
Throwing       | 2 4 6 7 9 10 | 10.2
Dodging        | 2 4 |  4.7
Spellcasting   | 2 |  2.0

Action                   |  1- 3 |  4- 6 |  7- 9 | 10-12 | 13-15 | 16-18 | 19-21 || total
-------------------------+-------+-------+-------+-------+-------+-------+-------++-------
Melee: Flail             |   120 |   176 |   136 |       |       |       |       ||   432
       Dire flail        |       |       |   107 |  1002 |  1407 |       |       ||  2516
       Great mace        |       |       |       |       |   303 |  1345 |   292 ||  1940
       Demon whip        |       |       |       |       |       |       |   211 ||   211
Throw: Tomahawk          |       |       |       |    12 |       |       |       ||    12
       Javelin           |       |       |       |       |       |     2 |     4 ||     6
Invok: Heroism           |       |       |       |       |       |     1 |       ||     1
 Abil: Fly               |       |       |       |       |     1 |       |       ||     1
Evoke: Wand              |       |       |    11 |     1 |    12 |     5 |     2 ||    31
       Phantom mirror    |       |       |       |       |       |     1 |       ||     1
  Use: Scroll            |     4 |     2 |     3 |     2 |    18 |    16 |    14 ||    59
       Potion            |       |     2 |     3 |     3 |       |     9 |     2 ||    19
  Eat: Chunk             |     3 |     6 |     5 |    20 |    33 |    15 |     8 ||    90
       Ration            |       |       |     1 |     1 |     1 |     3 |     1 ||     7
Armor: Scale mail        |    69 |    85 |   139 |   197 |       |       |       ||   490
       Plate armour      |       |       |       |   460 |  1418 |  1552 |   381 ||  3811
       Chain mail        |       |       |       |   102 |       |       |       ||   102
Dodge: Dodged            |    48 |    40 |    99 |   284 |   684 |   586 |   146 ||  1887
Block: Shield            |    70 |    84 |    51 |       |       |       |    72 ||   277
